 Dungeon Crawl Stone Soup version 0.30-a0-845-g7c6808c8ce (webtiles) character file.

Game seed: 14025583090128178715

4 Racksonjoss101 the Magician (level 1, 0/13 HPs)
             Began as a Demonspawn Hedge Wizard on Mar 2, 2023.
             Slain by a jackal (2 damage)
             ... on level 1 of the Dungeon.
             The game lasted 00:01:40 (118 turns).

Racksonjoss101 the Magician (DsHW)                   Turns: 118, Time: 00:01:41

Health: 0/13       AC:  2    Str: 10    XL:     1   Next: 50%
Magic:  3/4        EV:  9    Int: 15    God:
Gold:   10         SH:  0    Dex: 12    Spells: 5/6 levels left

rFire   . . .      SeeInvis .    a - +0 dagger
rCold   . . .      Faith    .    (no shield)
rNeg    . . .      Spirit   .    b - +0 robe
rPois   .          Reflect  .    c - +0 hat
rElec   .          Rampage  .    (no cloak)
rCorr   .                        (no gloves)
Will    .....                    (no boots)
Stlth   ++                       (no amulet)
HPRegen 0.22/turn                (no ring)
MPRegen 0.09/turn                (no ring)

@: constricted
A: no striking features
a: no special abilities


You were on level 1 of the Dungeon.
You visited 1 branch of the dungeon, and saw 1 of its levels.

You collected 10 gold pieces.

Inventory:

Hand Weapons
 a - a +0 dagger (weapon)
 f - a +0 spear
 h - a +0 whip
Missiles
 e - 6 stones
Armour
 b - a +0 robe (worn)
 c - a +0 hat (worn)
Potions
 d - a potion of magic
 g - a potion of attraction {unknown}
 i - a potion of curing {unknown}


   Skills:
 + Level 1.9 Dodging
 + Level 1.7 Stealth
 + Level 3.1 Spellcasting
 + Level 1.0 Conjurations
 + Level 1.0 Summonings
 + Level 0.8 Translocations


You had 5 spell levels left.
You knew the following spells:

 Your Spells              Type           Power      Damage    Failure   Level
a - Magic Dart            Conj           20%        1d4       13%         1

Your spell library contained the following spells:

 Spells                   Type           Power      Damage    Failure   Level
 Slow                     Hex            8%         N/A       21%         1
 Call Imp                 Summ           5%         N/A       21%         2
 Blink                    Tloc           8%         N/A       22%         2
 Cigotuvi's Dreadful Rot  Necr/Pois/Air  4%         N/A       30%         2
 Mephitic Cloud           Conj/Pois/Air  3%         N/A       45%         3


Dungeon Overview and Level Annotations

Branches:
Dungeon (1/15)

Altars:


Message History

Confirm with . or Enter, or press ? or * to list all spells.
You don't know that spell.
The jackal barks!
The jackal attacks as you move away! The jackal barely misses you.
The jackal closely misses you.
Casting: Magic Dart (safe; 13% risk of failure)
Confirm with . or Enter, or press ? or * to list all spells.
Aiming: Magic Dart (safe; 13% risk of failure)
Press: ? - help, Shift-Dir - straight line, f - jackal
Aim: a jackal (100% to hit)
The magic dart hits the jackal.
The jackal is heavily wounded.
The jackal barely misses you. The jackal bites you.
The jackal attacks as you move away!
The jackal bites you but does no damage.
You hit the jackal.
The jackal is severely wounded.
The jackal bites you but does no damage.
The jackal closely misses you. The ball python closely misses you.
The ball python grabs you. The ball python constricts you.
You escape the ball python's grasp.
The jackal bites you but does no damage.
The jackal bites you. The jackal closely misses you. x2
The ball python bites you. The ball python grabs you.
The ball python constricts you. The jackal closely misses you.
The jackal bites you. The jackal barely misses you.
You closely miss the jackal. The ball python barely misses you.
The ball python constricts you. The jackal closely misses you.
The jackal bites you but does no damage.
The jackal bites you. The ball python bites you.
The ball python constricts you.
* * * LOW HITPOINT WARNING * * *
You barely miss the jackal. The jackal barely misses you. x2
The jackal bites you but does no damage.
The ball python barely misses you. The ball python constricts you.
* * * LOW HITPOINT WARNING * * *
You barely miss the jackal. The jackal bites you.
* * * LOW HITPOINT WARNING * * *
The jackal bites you.
You die...

#..#..##.........###.#.####
#..###..#.........###.# #
#.# ##.#.............# #.
#.##.........#..#.# .#
##.#..............#
##.........####..#
###.........## ..#
#..†......S..# .h#
#.#......@h..# #..
#.#......hh.......## .
#.........#.....#
....................
.....##.....#..!!...#
...##...##.........#.. ###.
...#......... .
..##.........


You could see 3 jackals and a ball python.

Vanquished Creatures
  An endoplasm (D:1)
  A giant cockroach (D:1)
  A hobgoblin (D:1)
3 creatures vanquished.

Notes
Turn   | Place    | Note
-------+----------+-------------------------------------------
     0 | D:1      | Racksonjoss101 the Demonspawn Hedge Wizard began the quest
                  | for the Orb.
     0 | D:1      | Reached XP level 1. HP: 13/13 MP: 4/4
   118 | D:1      | Slain by a jackal

Illustrated notes

Levels and vault maps discovered:
D:1:      dpeg_arrival_simpleton_a, layout_rooms, st_stairs_5, minivault_4

Action                     || total
---------------------------++-------
  Melee: Dagger            ||    17
   Cast: Magic Dart        ||     2
 Armour: Robe              ||     6
  Dodge: Dodged            ||    22

Table legend: (Time is in decaauts)
 A = Elapsed time spent in this place.
 B = Non-inter-level travel time spent in this place.
 C = Inter-level travel time spent in this place.
 D = Time resting spent in this place.
 E = Time spent auto-exploring this place.
 F = Levels seen in this place.
 G = Mean time per level.
                   A        B        C        D        E       F      G
               +--------+--------+--------+--------+--------+-----+--------+
         Total |    118 |    118 |      0 |      0 |      0 |   1 |  118.0 |
       Dungeon |    118 |    118 |      0 |      0 |      0 |   1 |  118.0 |
               +--------+--------+--------+--------+--------+-----+--------+

Top non-repeatable levels by time:
     D:1: 118 daAuts
